PAA
SPRINGFIELD SHOOTERS @ CRESCENT CITY KREWE
06/14/2042
 
TOP OF THE 1ST
Springfield Shooters batting - Pitching for Crescent City Krewe : RHP Felipe Nieves
Pitching: RHP Felipe Nieves
Batting: RHB Gerald Johnston 0-0: Called Strike
0-1: Ball
1-1: Called Strike
1-2: Ground out 5-3 (Groundball, 5, EV 105.0 MPH)
Batting: SHB Jorge Rocha 0-0: Ball
1-0: TRIPLE (Line Drive, 78XD, EV 105.6 MPH)
Batting: RHB Marcos Calvo 0-0: Ball
1-0: Ball
2-0: Ball
3-0: Called Strike
3-1: SINGLE (Groundball, 56D, EV 105.0 MPH)
Jorge Rocha scores
Batting: LHB Joey Terry 0-0: Ball
Marcos Calvo is caught stealing 2nd base 2-6
1-0: Called Strike
1-1: Ball
2-1: Swinging Strike
2-2: Ground out 4-3 (Groundball, 4, EV 88.1 MPH)
Top of the 1st over - 1 run, 2 hits, 0 errors, 0 left on base; Springfield 1 - Crescent City 0
BOTTOM OF THE 1ST
Crescent City Krewe batting - Pitching for Springfield Shooters : RHP Sang-hwa Kim
Pitching: RHP Sang-hwa Kim
Batting: SHB David Knight 0-0: Called Strike
0-1: Ball
1-1: Swinging Strike
1-2: Ground out 4-3 (Groundball, 4M, EV 105.6 MPH)
Batting: RHB Hal Phillips 0-0: Called Strike
0-1: Ball
1-1: SINGLE (Groundball, 34D, EV 98.1 MPH)
Batting: RHB Vicente Perales 0-0: Ball
1-0: Foul Ball, location: 2F
1-1: Fly out, F9 (Flyball, 9LM, EV 85.6 MPH)
Batting: LHB Dustin Damitz 0-0: Ball
1-0: Swinging Strike
1-1: Foul Ball, location: 2F
1-2: Ball
2-2: Foul Ball, location: 2F
2-2: Strikes out swinging
Bottom of the 1st over - 0 runs, 1 hit, 0 errors, 1 left on base; Springfield 1 - Crescent City 0
TOP OF THE 2ND
Springfield Shooters batting - Pitching for Crescent City Krewe : RHP Felipe Nieves
Batting: RHB Gabriel Luzuriaga 0-0: Called Strike
0-1: Ball
1-1: Ball
2-1: Foul Ball, location: 2F
2-2: Strikes out swinging
Batting: RHB Júlio Chacón 0-0: Foul Ball, location: 2F
0-1: Called Strike
0-2: Fly out, F7 (Flyball, 78S, EV 84.4 MPH)
Batting: LHB Bartolo Tasis 0-0: Ground out 6-3 (Groundball, 6MD, EV 101.9 MPH)
Top of the 2nd over - 0 runs, 0 hits, 0 errors, 0 left on base; Springfield 1 - Crescent City 0
BOTTOM OF THE 2ND
Crescent City Krewe batting - Pitching for Springfield Shooters : RHP Sang-hwa Kim
Batting: RHB Norbert Schalk 0-0: Ball
1-0: Ball
2-0: Ball
3-0: Called Strike
3-1: Called Strike
3-2: Strikes out swinging
Batting: LHB Reggie Gommers 0-0: Foul Ball, location: 2F
0-1: Ball
1-1: Swinging Strike
1-2: Ball
2-2: Strikes out swinging
Batting: RHB John Birges 0-0: Ball
1-0: Ball
2-0: Foul Ball, location: 2F
2-1: Foul Ball, location: 2F
2-2: Strikes out looking
Bottom of the 2nd over - 0 runs, 0 hits, 0 errors, 0 left on base; Springfield 1 - Crescent City 0
TOP OF THE 3RD
Springfield Shooters batting - Pitching for Crescent City Krewe : RHP Felipe Nieves
Batting: RHB Shi-xian Zhào 0-0: Swinging Strike
0-1: Called Strike
0-2: Strikes out swinging
Batting: RHB Bo Rajat 0-0: Called Strike
0-1: Called Strike
0-2: Fly out, F8 (Flyball, 8LS, EV 86.2 MPH)
Batting: RHB Gerald Johnston 0-0: Called Strike
0-1: Foul Ball, location: 2F
0-2: Ball
1-2: Foul Ball, location: 2F
1-2: Ball
2-2: Fly out, F8 (Flyball, 8RS, EV 90.6 MPH)
Top of the 3rd over - 0 runs, 0 hits, 0 errors, 0 left on base; Springfield 1 - Crescent City 0
BOTTOM OF THE 3RD
Crescent City Krewe batting - Pitching for Springfield Shooters : RHP Sang-hwa Kim
Batting: RHB Martin Stevens 0-0: Ball
1-0: Ball
2-0: Called Strike
2-1: Foul Ball, location: 2F
2-2: Ball
3-2: Foul Ball, location: 2F
3-2: Foul Ball, location: 2F
3-2: Strikes out swinging
Batting: RHB Jermaine Vassell 0-0: Ball
1-0: Fly out, F8 (Line Drive, 8RD, EV 107.5 MPH)
Batting: SHB David Knight 0-0: Ball
1-0: Foul Ball, location: 2F
1-1: Swinging Strike
1-2: Ball
2-2: SINGLE (Groundball, 4MD, EV 99.4 MPH)
Batting: RHB Hal Phillips 0-0: Ball
David Knight is caught stealing 2nd base 2-4
Bottom of the 3rd over - 0 runs, 1 hit, 0 errors, 0 left on base; Springfield 1 - Crescent City 0
TOP OF THE 4TH
Springfield Shooters batting - Pitching for Crescent City Krewe : RHP Felipe Nieves
Batting: SHB Jorge Rocha 0-0: Called Strike
0-1: Ball
1-1: Ball
2-1: DOUBLE (Groundball, 3L, EV 106.2 MPH)
Batting: RHB Marcos Calvo 0-0: Ball
1-0: Called Strike
1-1: Ball
2-1: Ball
3-1: Ground out 6-3 (Groundball, 6M, EV 82.5 MPH)
Jorge Rocha to third
Batting: LHB Joey Terry 0-0: Swinging Strike
0-1: Foul Ball, location: 2F
0-2: Strikes out swinging
Batting: RHB Gabriel Luzuriaga 0-0: Ball
1-0: SINGLE (Line Drive, 6D, EV 108.8 MPH)
Jorge Rocha scores
Batting: RHB Júlio Chacón 0-0: Called Strike
0-1: Ball
1-1: Called Strike
1-2: Foul Ball, location: 2F
1-2: Ball
2-2: Strikes out swinging
Top of the 4th over - 1 run, 2 hits, 0 errors, 1 left on base; Springfield 2 - Crescent City 0
BOTTOM OF THE 4TH
Crescent City Krewe batting - Pitching for Springfield Shooters : RHP Sang-hwa Kim
Batting: RHB Hal Phillips 0-0: Called Strike
0-1: Ball
1-1: Ball
2-1: Ball
3-1: Base on Balls
Batting: RHB Vicente Perales 0-0: Swinging Strike
0-1: Ball
1-1: Ball
2-1: Foul Ball, location: 2F
2-2: Strikes out swinging
Batting: LHB Dustin Damitz 0-0: Ball
1-0: Called Strike
1-1: Swinging Strike
1-2: Strikes out swinging
Batting: RHB Norbert Schalk 0-0: Ball
1-0: Ball
2-0: SINGLE (Groundball, 34S, EV 91.2 MPH) (infield hit)
Hal Phillips to second
Batting: LHB Reggie Gommers 0-0: Foul Ball, location: 2F
0-1: Ball
1-1: Ball
2-1: Ball
3-1: Base on Balls
Hal Phillips to third
Norbert Schalk to second
Batting: RHB John Birges 0-0: Ball
1-0: Foul Ball, location: 2F
1-1: Foul Ball, location: 2F
1-2: Ball
2-2: SINGLE (Line Drive, 4M, EV 107.5 MPH)
Hal Phillips scores
Norbert Schalk to third
Reggie Gommers to second
Runner from 3rd tries for Home, SAFE, throw by CF to home
Batting: RHB Martin Stevens 0-0: Ball
1-0: Foul Ball, location: 2F
1-1: Ball
2-1: Foul Ball, location: 2F
2-2: Strikes out looking
Bottom of the 4th over - 2 runs, 2 hits, 0 errors, 2 left on base; Springfield 2 - Crescent City 2
TOP OF THE 5TH
Springfield Shooters batting - Pitching for Crescent City Krewe : RHP Felipe Nieves
Batting: LHB Bartolo Tasis 0-0: Foul Ball, location: 2F
0-1: Ball
1-1: Ball
2-1: SINGLE (Line Drive, 7S, EV 103.8 MPH)
Batting: RHB Shi-xian Zhào 0-0: Ball
1-0: Ball
2-0: Bunted foul
2-1: Bunted foul
2-2: DOUBLE (Line Drive, 89D, EV 103.8 MPH)
Bartolo Tasis to third
Batting: RHB Bo Rajat 0-0: Foul Ball, location: 2F
0-1: 3-RUN HOME RUN (Flyball, 7D, EV 100.6 MPH), Distance : 393 ft
Batting: RHB Gerald Johnston 0-0: Ball
1-0: Ball
2-0: Ball
3-0: Called Strike
3-1: DOUBLE (Line Drive, 7LS, EV 98.1 MPH)
Pitching: LHP Melvin Martínez
Batting: SHB Jorge Rocha 0-0: Ball
1-0: Ball
2-0: Ball
3-0: Called Strike
3-1: Called Strike
3-2: Foul Ball, location: 2F
3-2: Base on Balls
Batting: RHB Marcos Calvo 0-0: SINGLE (Groundball, 56D, EV 100.0 MPH)
Gerald Johnston to third
Jorge Rocha to second
Runner from 3rd tries for Home, SAFE, throw by LF to home
Batting: LHB Joey Terry 0-0: Called Strike
0-1: Ball
1-1: Ball
2-1: Ball
3-1: Called Strike
3-2: Reached on error, E5 (Groundball, 56, EV 89.4 MPH)
Jorge Rocha to third
Marcos Calvo to second
Batting: RHB Gabriel Luzuriaga 0-0: Ball
1-0: Called Strike
1-1: Fielders Choice at 2nd, 4-6 (Groundball, 4, EV 88.8 MPH)
Jorge Rocha scores
Marcos Calvo to third
Batting: RHB Júlio Chacón 0-0: Ball
1-0: Grounds into double play, 5-4-3 (Groundball, 56, EV 80.6 MPH)
Top of the 5th over - 5 runs, 5 hits, 1 error, 1 left on base; Springfield 7 - Crescent City 2
BOTTOM OF THE 5TH
Crescent City Krewe batting - Pitching for Springfield Shooters : RHP Sang-hwa Kim
Batting: RHB Jermaine Vassell 0-0: Ball
1-0: Foul Ball, location: 2F
1-1: Swinging Strike
1-2: Strikes out swinging
Batting: SHB David Knight 0-0: Ground out 6-3 (Groundball, 6M, EV 106.2 MPH)
Batting: RHB Hal Phillips 0-0: Reached on error, E6 (Groundball, 56, EV 101.9 MPH)
Batting: RHB Vicente Perales 0-0: Called Strike
0-1: Ball
1-1: Fly out, F8 (Flyball, 89D, EV 96.2 MPH)
Bottom of the 5th over - 0 runs, 0 hits, 1 error, 1 left on base; Springfield 7 - Crescent City 2
TOP OF THE 6TH
Springfield Shooters batting - Pitching for Crescent City Krewe : LHP Melvin Martínez
Batting: LHB Bartolo Tasis 0-0: Foul Ball, location: 2F
0-1: Ground out U3 (Groundball, 3, EV 81.9 MPH)
Batting: RHB Shi-xian Zhào 0-0: Ball
1-0: Ground out 5-3 (Groundball, 56, EV 84.4 MPH)
Batting: RHB Bo Rajat 0-0: Fly out, F3 (Popup, 3F, EV 60.0 MPH)
Top of the 6th over - 0 runs, 0 hits, 0 errors, 0 left on base; Springfield 7 - Crescent City 2
BOTTOM OF THE 6TH
Crescent City Krewe batting - Pitching for Springfield Shooters : RHP Sang-hwa Kim
Batting: LHB Dustin Damitz 0-0: Ground out 5-3 (Groundball, 56, EV 107.5 MPH)
Pitching: LHP Vasquo Lousada
Batting: RHB Norbert Schalk 0-0: Ball
1-0: Swinging Strike
1-1: Swinging Strike
1-2: Ball
2-2: Ball
3-2: SINGLE (Line Drive, 3D, EV 98.1 MPH)
Batting: LHB Reggie Gommers 0-0: Foul Ball, location: 2F
0-1: Ball
1-1: Fielders Choice at 2nd, 5-4 (Groundball, 56, EV 102.5 MPH)
Batting: RHB John Birges 0-0: Swinging Strike
0-1: DOUBLE (Line Drive, 9LS, EV 93.8 MPH)
Reggie Gommers to third
Batting: RHB Martin Stevens 0-0: Called Strike
0-1: Swinging Strike
0-2: Foul Ball, location: 2F
0-2: Strikes out looking
Bottom of the 6th over - 0 runs, 2 hits, 0 errors, 2 left on base; Springfield 7 - Crescent City 2
TOP OF THE 7TH
Springfield Shooters batting - Pitching for Crescent City Krewe : LHP Melvin Martínez
Batting: RHB Gerald Johnston 0-0: Ground out 5-3 (Groundball, 56S, EV 83.8 MPH)
Batting: SHB Jorge Rocha 0-0: Swinging Strike
0-1: Fly out, F9 (Flyball, 9D, EV 94.4 MPH)
Batting: RHB Marcos Calvo 0-0: SINGLE (Groundball, 15, EV 74.4 MPH) (infield hit)
Batting: LHB Joey Terry 0-0: Ball
1-0: Called Strike
1-1: Ball
2-1: Ball
3-1: Ground out U3 (Groundball, 3, EV 101.2 MPH)
Top of the 7th over - 0 runs, 1 hit, 0 errors, 1 left on base; Springfield 7 - Crescent City 2
BOTTOM OF THE 7TH
Crescent City Krewe batting - Pitching for Springfield Shooters : LHP Vasquo Lousada
Batting: RHB Jermaine Vassell 0-0: Fly out, F9 (Flyball, 9D, EV 90.6 MPH)
Batting: SHB David Knight 0-0: Ball
1-0: Called Strike
1-1: Fly out, F8 (Flyball, 89XD, EV 92.5 MPH)
Batting: RHB Hal Phillips 0-0: Ball
1-0: Swinging Strike
1-1: Fly out, F8 (Flyball, 8RS, EV 71.2 MPH)
Bottom of the 7th over - 0 runs, 0 hits, 0 errors, 0 left on base; Springfield 7 - Crescent City 2
TOP OF THE 8TH
Springfield Shooters batting - Pitching for Crescent City Krewe : LHP Melvin Martínez
Batting: RHB Gabriel Luzuriaga 0-0: Ball
1-0: SINGLE (Line Drive, 9S, EV 89.4 MPH)
Batting: RHB Júlio Chacón 0-0: Foul Ball, location: 2F
0-1: Ball
1-1: Foul Ball, location: 2F
1-2: Ball
2-2: Ball
3-2: Strikes out swinging
Pitching: RHP Lonnie Rhodes
Batting: LHB Bartolo Tasis 0-0: Ball
1-0: Fielders Choice at 2nd, 6-4 (Groundball, 56, EV 106.2 MPH)
Batting: RHB Shi-xian Zhào 0-0: Ball
1-0: Foul Ball, location: 2F
1-1: Called Strike
1-2: Ball
2-2: Ball
3-2: SINGLE (Line Drive, 4M, EV 101.9 MPH)
Bartolo Tasis to second
Bartolo Tasis to third
Batting: RHB Bo Rajat 0-0: Ball
1-0: Foul Ball, location: 2F
1-1: Ball
2-1: Foul Ball, location: 2F
2-2: Ground out 4-3 (Groundball, 34, EV 96.9 MPH)
Top of the 8th over - 0 runs, 2 hits, 0 errors, 2 left on base; Springfield 7 - Crescent City 2
BOTTOM OF THE 8TH
Crescent City Krewe batting - Pitching for Springfield Shooters : LHP Vasquo Lousada
Batting: RHB Vicente Perales 0-0: Foul Ball, location: 2F
0-1: TRIPLE (Line Drive, 89XD, EV 103.8 MPH)
Batting: LHB Dustin Damitz 0-0: Called Strike
0-1: Foul Ball, location: 2F
0-2: Strikes out looking
Batting: RHB Norbert Schalk 0-0: Ball
1-0: Foul Ball, location: 2F
1-1: Foul Ball, location: 2F
1-2: Strikes out looking and he ARGUES THE CALL AND IS TOSSED!
Batting: LHB Reggie Gommers 0-0: Foul Ball, location: 2F
0-1: Called Strike
Steal of home, Vicente Perales is out
Bottom of the 8th over - 0 runs, 1 hit, 0 errors, 0 left on base; Springfield 7 - Crescent City 2
TOP OF THE 9TH
Springfield Shooters batting - Pitching for Crescent City Krewe : RHP Lonnie Rhodes
Pitching: RHP Ramón Aragón
Now at 1B: Emery Nelson
Batting: RHB Gerald Johnston 0-0: Ball
1-0: Ball
2-0: Called Strike
2-1: Foul Ball, location: 2F
2-2: Foul Ball, location: 2F
2-2: Ball
3-2: SINGLE (Line Drive, 89M, EV 109.4 MPH)
Batting: SHB Jorge Rocha 0-0: Ball
1-0: Called Strike
1-1: SINGLE (Groundball, 34D, EV 104.4 MPH)
Gerald Johnston to second
Runner from 2nd tries for 3rd, SAFE, no throw by RF
Batting: RHB Marcos Calvo 0-0: Called Strike
0-1: Called Strike
0-2: Foul Ball, location: 2F
0-2: Fielders Choice at 2nd, 4-6 (Groundball, 4, EV 81.9 MPH)
Gerald Johnston scores
Batting: LHB Joey Terry 0-0: Ball
Marcos Calvo steals 2nd base
1-0: Called Strike
1-1: Foul Ball, location: 2F
1-2: Strikes out swinging
Batting: RHB Gabriel Luzuriaga 0-0: Ball
1-0: Ball
2-0: Fly out, F7 (Flyball, 7, EV 82.5 MPH)
Top of the 9th over - 1 run, 2 hits, 0 errors, 1 left on base; Springfield 8 - Crescent City 2
BOTTOM OF THE 9TH
Crescent City Krewe batting - Pitching for Springfield Shooters : LHP Vasquo Lousada
Batting: LHB Reggie Gommers 0-0: Called Strike
0-1: Ball
1-1: Swinging Strike
1-2: SINGLE (Line Drive, 78S, EV 100.0 MPH)
Batting: RHB John Birges 0-0: Ball
1-0: Foul Ball, location: 2F
1-1: Grounds into double play, 5-4-3 (Groundball, 5, EV 83.8 MPH)
Batting: RHB Martin Stevens 0-0: Ball
1-0: Foul Ball, location: 2F
1-1: Ball
2-1: Ground out 6-3 (Groundball, 6S, EV 72.5 MPH)
Bottom of the 9th over - 0 runs, 1 hit, 0 errors, 0 left on base; Springfield 8 - Crescent City 2
Friday, March 26th, 2021 - OOTP Baseball 20.8 Build 74